 Dungeon Crawl Stone Soup version 0.31-a0-229-g1fc7ce93e2 (webtiles) character file.

Game seed: 9865577170149016368

91 qw the Shooter (level 4, 0/39 HPs)
             Began as a Minotaur Hexslinger on July 6, 2023.
             Succumbed to an orc wizard's poison
             ... on level 3 of the Dungeon.
             The game lasted 00:00:42 (1710 turns).

qw the Shooter (Minotaur Hexslinger)                Turns: 1710, Time: 00:00:42

Health: 0/39       AC:  5    Str: 12    XL:     4   Next: 34%
Magic:  4/4        EV: 11    Int: 10    God:
Gold:   102        SH:  0    Dex: 18    Spells: 4/5 levels left

rFire   . . .        Y - +2 sling
rCold   + . .        (no shield)
rNeg    . . .        a - +0 ring mail "Ceocabu" {rElec Dex+3 SInv}
rPois   .            (helmet restricted)
rElec   +            (no cloak)
rCorr   .            (no gloves)
SInv    +            (no boots)
Will    .....        (no amulet) Stlth
                     (no ring)
HPRegen 0.26/turn    (no ring)
MPRegen 0.09/turn

%: no passive effects
@: confused, lethally poisoned (0 -> -20)
A: horns 2, retaliatory headbutt, cold resistance 1, sense surroundings 1,
robust 1
a: no special abilities


You were on level 3 of the Dungeon.
You visited 1 branch of the dungeon, and saw 3 of its levels.

You collected 102 gold pieces.


Innate Abilities, Weirdness & Mutations

You have a pair of horns on your head.
You reflexively headbutt those who attack you in melee.
Your flesh is cold resistant. (rC+)
You passively map a small area around you.
You are robust. (+10% HP)


   Skills:
 - Level 2.0 Fighting
 + Level 4.3 Ranged Weapons
 - Level 2.1 Armour
 - Level 2.1 Dodging
 - Level 1.0 Spellcasting
 - Level 2.0 Hexes


You had 4 spell levels left.
You knew the following spells:

 Your Spells              Type           Power      Damage    Failure   Level
a - Slow                  Hex            16%        N/A       32%         1

Your spell library contained the following spells:

 Spells                   Type           Power      Damage    Failure   Level
 Inner Flame              Hex/Fire       2%         N/A       83%         3
 Portal Projectile        Hex/Tloc       4%         N/A       83%         3
 Cause Fear               Hex            2%         N/A       97%         4

Inventory:

Hand Weapons
 Y - a +2 sling (weapon)
Armour
 a - the +0 ring mail "Ceocabu" (worn) {rElec Dex+3 SInv}
   (You found it on level 2 of the Dungeon)

   Dex:       It affects your dexterity (+3).
   rElec:     It insulates you from electricity.
   SInv:      It lets you see invisible.
Jewellery
 c - a ring of fire
Scrolls
 d - a scroll of enchant armour
 g - a scroll of identify
Potions
 b - a potion of attraction {unknown}
 e - a potion of might
 f - 2 potions of cancellation
 h - a potion of heal wounds {unknown}
 i - a potion of mutation

Dungeon Overview and Level Annotations

Branches:
Dungeon (3/15)

Altars:

Annotations:
D:1 2 runed translucent doors


Message History

You are poisoned.
You shoot a sling bullet.
The sling bullet barely misses the orc wizard.
You feel sick.
The orc wizard hits you with a +2 dagger of venom.
You are more poisoned.
The orc closely misses you.
You shoot a sling bullet. The sling bullet hits the orc wizard.
The orc wizard is almost dead.
You feel very sick. The orc wizard casts a spell at you.
You are confused.
The orc hits you but does no damage.
You feel very sick. The orc wizard barely misses you.
The orc barely misses you.
You feel sick. The orc wizard completely misses you.
The orc hits you but does no damage.
You feel sick.
The orc wizard hits you but does no damage.
You are more poisoned.
The orc hits you but does no damage.
You feel sick.
The orc wizard hits you but does no damage.
You are more poisoned.
The orc hits you but does no damage.
You feel very sick. The orc wizard casts a spell at you.
You are more confused.
The orc hits you with a +0 dagger.
You feel sick.
The orc wizard hits you but does no damage.
You are lethally poisoned!
The orc hits you with a +0 dagger.
You feel very sick.
The orc wizard hits you with a +2 dagger of venom.
You are more poisoned.
The orc misses you.
You feel very sick. The orc wizard closely misses you.
The orc hits you but does no damage.
You die...

#.....##.. #.
#..##.#### #.
##..##.# # ,#.
#...##.# *# #.
#.#.##.#* . #.
#.#.##.. . ,#o
#.#.#### #.
##.#o#### #.#.#
## #...o@..#
#.#.# *
#.#####.##
#.#.###
#...###.....###
,
#.........>....
#..%#######.###
* , * ##..# * #
, ....# * ,*
####.# #.#


You could see an orc wizard (invisible) and 2 orcs.

Vanquished Creatures
  An iguana (D:3)
  An adder (D:3)
  2 dart slugs (D:1)
  An orc (D:3)
  2 endoplasms (D:1)
  A giant cockroach (D:3)
  12 goblins
  4 hobgoblins
  2 quokkas
  6 ball pythons
  7 bats
  3 frilled lizards
  3 kobolds
  2 rats
47 creatures vanquished.

Notes
Turn   | Place    | Note
-------+----------+-------------------------------------------
     0 | D:1      | qw the Minotaur Hexslinger began the quest for the Orb.
     0 | D:1      | Reached XP level 1. HP: 16/16 MP: 1/1
     0 | D:1      | 0 ||| qw: Version: 0.3-a-46-gb1f654a
     0 | D:1      | 0 ||| qw: Game counter: 1629
     0 | D:1      | 0 ||| qw: Melee chars always use a shield: true
     0 | D:1      | 0 ||| qw: God list: Okawaru
     0 | D:1      | 0 ||| qw: Allow faded altars: false
     0 | D:1      | 0 ||| qw: Do Orc after clearing Dungeon:15 true
     0 | D:1      | 0 ||| qw: Do second Lair branch before Depths: true
     0 | D:1      | 0 ||| qw: Lair rune preference: random
     0 | D:1      | 0 ||| qw: Goals: Normal
     0 | D:1      | 0 ||| PLANNING D:1-11
    68 | D:1      | Found a large runed translucent door.
    68 | D:1      | Found a large runed translucent door.
    72 | D:1      | Noticed an orc wizard
    72 | D:1      | Noticed an orc priest
    72 | D:1      | Noticed an orc wizard
    72 | D:1      | Noticed an orc warrior
   205 | D:1      | Reached skill level 3 in Ranged Weapons
   205 | D:1      | Reached XP level 2. HP: 23/23 MP: 2/2
   270 | D:1      | 270 ||| Stepping ~*~*~tactically~*~*~ (outnumbered).
   272 | D:1      | 272 ||| Stepping ~*~*~tactically~*~*~ (outnumbered).
   343 | D:1      | 343 ||| FLEEEEING.
   611 | D:1      | 611 ||| UPGRADING to +0 leather armour.
   621 | D:1      | 621 ||| DROPPING +0 robe.
   622 | D:1      | 622 ||| READING scroll labelled TETATA BEUKINT.
   623 | D:1      | 623 ||| READING scroll labelled BIUSHR BYPT.
   624 | D:1      | 624 ||| READING 2 scrolls labelled YPTIKA QIEMNIA.
   625 | D:1      | 625 ||| READING scroll labelled RIUTEC XYSEIPO.
   626 | D:1      | 626 ||| READING scroll labelled GIOL WOULELIS.
   629 | D:1      | 629 ||| READING scroll labelled ARUALL NYODUTZ.
   630 | D:1      | 630 ||| DROPPING scroll of poison.
   672 | D:2      | Reached XP level 3. HP: 29/29 MP: 3/3
   675 | D:2      | Identified the +0 ring mail "Ceocabu" {rElec Dex+3 SInv}
   949 | D:2      | Reached skill level 4 in Ranged Weapons
  1259 | D:2      | 1259 ||| UPGRADING to +0 ring mail "Ceocabu" {rElec Dex+3
                  | SInv}.
  1269 | D:2      | 1269 ||| DROPPING +0 leather armour.
  1270 | D:2      | 1270 ||| READING scroll labelled UFUIGI EBABUEWI.
  1371 | D:2      | 1371 ||| READING scroll labelled DIUTTE UCUT DIOPI.
  1372 | D:2      | 1372 ||| DRINKING 2 lumpy emerald potions.
  1372 | D:2      | Gained mutation: Your flesh is cold resistant. (rC+)
                  | [potion of mutation]
  1372 | D:2      | Gained mutation: You are robust. (+10% HP) [potion of
                  | mutation]
  1372 | D:2      | Gained mutation: You passively map a small area around you.
                  | [potion of mutation]
  1378 | D:2      | 1378 ||| READING 3 scrolls of identify.
  1378 | D:2      | 1378 ||| IDENTIFYING puce potion
  1379 | D:2      | 1379 ||| READING 2 scrolls of identify.
  1379 | D:2      | 1379 ||| IDENTIFYING fizzy brown potion
  1546 | D:3      | Reached XP level 4. HP: 22/39 MP: 4/4
  1652 | D:3      | Found a faded altar of an unknown god.
  1708 | D:3      | HP: 9/39 [orc wizard/+2 dagger of venom (1)]
  1709 | D:3      | HP: 4/39 [poisoned by an orc wizard]
  1710 | D:3      | Succumbed to an orc wizard's poison

Levels and vault maps discovered:
D:1:      erik_arrival_cave_to_civilisation [erik_arrival_cave_to_temple],
          layout_rooms
D:2:      layout_loops_ring, nicolae_titane
D:3:      layout_loops_ring, dilly_ecumenical_altar_fadedgnrine,
          hangedman_decor_push

Skill      XL: |  1  2  3 |
---------------+----------+-----
Ranged Weapons | 3 4 |  4.3
Fighting       | 2 |  2.0
Armour         | 2 |  2.1
Dodging        | |  2.1
Spellcasting   | |  1.0
Hexes          | |  2.0

Action                     |  1- 3 |  4- 6 || total
---------------------------+-------+-------++-------
   Fire: Sling             |   102 |    17 ||   119
    Use: Scroll            |    10 |       ||    10
         Potion            |     1 |       ||     1
 Armour: Robe              |     1 |       ||     1
         Leather armour    |     6 |       ||     6
         Ring mail         |     1 |    12 ||    13
  Dodge: Dodged            |    28 |    12 ||    40

Table legend:
 A = Non-vault XP
 B = Vault XP
 C = Vault XP percentage of total XP
 D = Non-vault monster count
 E = Vault monster count
 F = Vault count percentage of total count
                 A         B        C        D         E       F
            +---------+---------+-------+---------+---------+-------
      Total |     128 |       3 |   2.3 |      45 |       2 |   4.3
            +---------+---------+-------+---------+---------+-------
        D:1 |      37 |       3 |   7.5 |      20 |       2 |   9.1
        D:2 |      28 |       0 |   0.0 |      17 |       0 |   0.0
        D:3 |      63 |       0 |   0.0 |       8 |       0 |   0.0
            +---------+---------+-------+---------+---------+-------
